 Dungeon Crawl Stone Soup version 0.29.1-15-g9cfb28693d (webtiles) character file.

Game seed: 2030628737413232238

37 protoss039 the Digger (level 3, 26/26 HPs)
             Began as a Demonspawn Earth Elementalist on Mar 14, 2023.
             Got out of the dungeon alive.
             The game lasted 00:02:04 (1124 turns).

protoss039 the Digger (DsEE)                        Turns: 1124, Time: 00:02:05

Health: 26/26      AC:  4    Str:  8    XL:     3   Next: 21%
Magic:  6/6        EV: 11    Int: 18    God:
Gold:   81         SH:  0    Dex: 13    Spells: 4/7 levels left

rFire   . . .      SeeInvis .   d - +0 short sword
rCold   . . .      Faith    .   (no shield)
rNeg    . . .      Spirit   .   k - +0 leather armour
rPois   .          Reflect  .   (no helmet)
rElec   .          Harm     .   (no cloak)
rCorr   .          Rampage  .   (no gloves)
Will    .....                   c - +0 pair of boots
Stlth   ++........              (no amulet)
HPRegen 0.08/turn               i - ring of wizardry
MPRegen 0.10/turn               (no ring)

@: no status effects
A: foul stench 1, spiny 1
a: no special abilities


You escaped.
You visited 1 branch of the dungeon, and saw 2 of its levels.

You collected 105 gold pieces.
You spent 24 gold pieces at shops.

Inventory:

Hand Weapons
 d - a +0 short sword (weapon)
Armour
 c - a +0 pair of boots (worn)
 k - a +0 leather armour (worn)
Jewellery
 i - a ring of wizardry (left hand)
Scrolls
 e - a scroll of enchant weapon
 g - a scroll of enchant armour {unknown}
 j - a scroll of identify
Potions
 a - a potion of resistance {unknown}
 b - a potion of magic
 f - a potion of berserk rage {unknown}
 h - a potion of invisibility {unknown}
 l - a potion of brilliance {unknown}
 m - a potion of curing {unknown}


   Skills:
 + Level 1.4 Fighting
 - Level 1.7 Dodging
 - Level 1.7 Stealth
 + Level 2.5 Spellcasting
 - Level 0.8 Transmutations
 + Level 3.1 Earth Magic


You had 4 spell levels left.
You knew the following spells:

 Your Spells              Type           Power      Damage    Failure   Level
a - Sandblast             Erth           26%        2d8       2%          1
b - Passwall              Tmut/Erth      7%         N/A       7%          2

Your spell library contained the following spells:

 Spells                   Type           Power      Damage    Failure   Level
 Ensorcelled Hibernation  Hex/Ice        4%         N/A       16%         2
 Stone Arrow              Conj/Erth      16%        3d8       16%         3
 Swiftness                Air            2%         N/A       28%         3
 Petrify                  Tmut/Erth      9%         N/A       38%         4
 Fulminant Prism          Conj/Hex       1%         3d6       65%         4
 Iskenderun's Mystic Bla  Conj/Tloc      2%         2d3       65%         4
 Lee's Rapid Deconstruct  Erth           6%         3d7*      56%         5


Dungeon Overview and Level Annotations

Branches:
Dungeon (2/15) Zot: 10860

Altars:

Shops:
D:1 ?


Innate Abilities, Weirdness & Mutations

You may rarely emit foul miasma when damaged in melee.
You are partially covered in sharp spines.


Message History

HP restored.
Found a stone staircase leading up.
Things that are here:
a +0 club; 2 stones; a kobold corpse
Things that are here:
a +0 club; a goblin corpse
There is a stone staircase leading up here.
Found 5 stones.
You now have 81 gold pieces (gained 11).
m - a blue potion
Found a stone staircase leading down.
No target in view!
Found a stone staircase leading up.
No target in view!
A hobgoblin comes into view.
The hobgoblin shouts!
There is a stone staircase leading up here.
Casting: Sandblast (safe; 2% risk of failure)
Confirm with . or Enter, or press ? or * to list all spells.
Aiming: Sandblast (safe; 2% risk of failure)
Press: ? - help, Shift-Dir - straight line, f - hobgoblin
Aim: a hobgoblin (82% to hit)
The blast of sand hits the hobgoblin.
The hobgoblin is lightly wounded.
The hobgoblin is struck by your spines. The hobgoblin hits you.
Unknown command.
Casting: Sandblast (safe; 2% risk of failure)
Confirm with . or Enter, or press ? or * to list all spells.
Aiming: Sandblast (safe; 2% risk of failure)
Press: ? - help, Shift-Dir - straight line, f/p - hobgoblin
Aim: a hobgoblin (severely wounded, 82% to hit)
The blast of sand hits the hobgoblin.
You kill the hobgoblin!
Unknown command.
You climb upwards.
There is a stone staircase leading down here.
Magic restored.
There is a staircase leading out of the dungeon here.
Are you sure you want to leave the Dungeon?
This will make you lose the game!
You have escaped!

#.##............#.........
#..#............#.........
##.#..≈≈≈.≈≈≈...#.........
#....≈≈♣....≈≈............
#...≈≈..8....≈≈...........
#..≈≈.........≈≈..(......#
#..≈...........≈..########
#..≈........8..≈.##
#..≈≈..8.@..♣.≈≈.#
#...≈≈.......≈≈..#
#.#..≈≈...♣.≈≈..##
#.##..≈≈≈≈≈≈≈..##
#.###.........##
#[........#####
###########


There were no monsters in sight!

Vanquished Creatures
  An adder (D:2)
  2 ball pythons
  An endoplasm (D:1)
  A giant cockroach (D:2)
  2 goblins
  4 hobgoblins
  4 jackals (D:1)
  2 kobolds
  2 quokkas (D:1)
  A bat (D:1)
  A frilled lizard (D:1)
  2 rats (D:1)
23 creatures vanquished.

Notes
Turn   | Place    | Note
-------+----------+-------------------------------------------
     0 | D:1      | protoss039 the Demonspawn Earth Elementalist began the
                  | quest for the Orb.
     0 | D:1      | Reached XP level 1. HP: 13/13 MP: 3/3
   139 | D:1      | Found a faded altar of an unknown god.
   213 | D:1      | Gained mutation: You are partially covered in sharp spines.
                  | [demonic ancestry]
   213 | D:1      | Reached XP level 2. HP: 20/20 MP: 3/5
   242 | D:1      | Reached skill level 1 in Fighting
   459 | D:1      | Reached skill level 3 in Earth Magic
   500 | D:1      | Found Ficer's Magic Scroll Boutique.
   525 | D:1      | Bought a scroll of identify for 24 gold pieces
   683 | D:1      | Learned a level 2 spell: Passwall
   963 | D:2      | Gained mutation: You may rarely emit foul miasma when
                  | damaged in melee. [demonic ancestry]
   963 | D:2      | Reached XP level 3. HP: 25/26 MP: 0/6
  1124 | D:$      | Got out of the dungeon alive.

Illustrated notes

Levels and vault maps discovered:
D:1:      moated_graveyard_arrival, layout_rooms, serial_shops, shop,
          chequers_ecumenical_altar_simple
D:2:      minmay_chambers_of_twos, layout_loops_ring

Skill      XL: |  1  2 |
---------------+-------+-----
Fighting       | 1 |  1.4
Earth Magic    | 3 |  3.1
Dodging        | |  1.7
Stealth        | |  1.7
Spellcasting   | |  2.5
Transmutations | |  0.8

Action                   || total
-------------------------++-------
Melee: Unarmed           ||     2
       Short sword       ||    19
 Cast: Sandblast         ||    28
  Use: Scroll            ||     1
Armor: Robe              ||     6
       Leather armour    ||     4
Dodge: Dodged            ||    21
